 Dungeon Crawl Stone Soup version 0.26-a0-639-g72c4674329 (webtiles) character file.

Game seed: 16065620841652588516

13871 DogServant the Geomancer (level 12, -12/72 HPs)
             Began as a Gargoyle Earth Elementalist on Sept 18, 2020.
             Was an Elder of Sif Muna.
             Hit by a large rock thrown by a stone giant (36 damage)
             ... on level 1 of the Orcish Mines.
             The game lasted 00:39:30 (15888 turns).

DogServant the Geomancer (GrEE)                    Turns: 15888, Time: 00:39:30

Health: -12/72     AC: 16    Str: 12    XL:     12   Next: 10%
Magic:  22/33      EV: 12    Int: 21    God:    Sif Muna [****..]
Gold:   976        SH:  7    Dex: 10    Spells: 8/27 levels left

rFire    + . .     SeeInvis .   g - +3 dagger (drain)
rCold    . . .     Faith    .   l - +3 buckler
rNeg     + . .     Spirit   .   O - +2 robe {rF+}
rPois    ∞         Reflect  .   x - +0 helmet
rElec    +         Harm     .   L - +1 cloak
rCorr    .         Rampage  .   F - +0 pair of gloves
MR       .....                  (no boots)
Stlth    ++........             (no amulet)
HPRegen  0.22/turn              B - ring of wizardry
MPRegen  0.23/turn              I - ring of magical power

@: marked, studying Long Blades
A: negative energy resistance 1, electricity resistance, unbreathing,
petrification resistance, rot immunity, AC +8
a: Channel Magic, Forget Spell, Divine Exegesis, Renounce Religion


You were on level 1 of the Orcish Mines.
You worshipped Sif Muna.
Sif Muna was greatly pleased with you.
You visited 2 branches of the dungeon, and saw 13 of its levels.
You also visited: Sewer.

You collected 976 gold pieces.

Inventory:

Hand Weapons
 g - a +3 dagger of draining (weapon)
Missiles
 c - 36 stones (quivered)
Armour
 l - a +3 buckler (worn)
 x - a +0 helmet (worn)
 F - a +0 pair of gloves (worn)
 L - a +1 cloak (worn)
 O - a +2 robe of fire resistance (worn)
Magical Staves
 N - an uncursed staff of poison
Jewellery
 B - a ring of wizardry (left hand)
 I - a ring of magical power (right hand)
 T - an uncursed ring of protection from fire
Wands
 b - a wand of random effects (12)
 s - a wand of paralysis (9)
 t - a wand of enslavement (4)
 v - a wand of disintegration (22)
 M - a wand of flame (6)
Scrolls
 h - 2 scrolls of magic mapping
 j - 2 scrolls of fear
 k - 2 scrolls of immolation
 n - 4 scrolls of enchant armour
 q - 4 scrolls of amnesia
 r - a scroll of enchant weapon
 u - 8 scrolls of teleportation
 w - 6 scrolls of remove curse
 A - 3 scrolls of identify
 G - a scroll of torment
 J - a scroll of fog
Potions
 a - 6 potions of flight
 d - 3 potions of might
 e - a potion of magic
 f - 2 potions of haste {unknown}
 i - a potion of degeneration
 m - 7 potions of curing
 o - 3 potions of mutation
 p - 4 potions of lignification
 z - 3 potions of heal wounds
 C - a potion of cancellation
 D - a potion of berserk rage
 E - a potion of resistance {unknown}
 P - a potion of invisibility {unknown}
 Q - 2 potions of stabbing {unknown}
 S - a potion of brilliance {unknown}
Books
 y - a manual of Long Blades


   Skills:
 + Level 7.3 Fighting
 - Level 1.5 Dodging
 - Level 3.7 Stealth
 - Level 4.0 Shields
 + Level 8.2 Spellcasting
 + Level 9.1 Conjurations
 + Level 5.4 Transmutations
 + Level 10.8 Earth Magic
 + Level 7.0 Invocations


You had 8 spell levels left.
You knew the following spells:

 Your Spells              Type           Power        Failure   Level
a - Sandblast             Erth           ######       1%          1
b - Stone Arrow           Conj/Erth      ######       1%          3
c - Searing Ray           Conj           #####.       1%          2
d - Petrify               Tmut/Erth      #####...     1%          4
e - Lee's Rapid Deconstr  Erth           ######....   1%          5
f - Iskenderun's Mystic   Conj/Tloc      ####....     4%          4

Your spell library contained the following spells:

 Spells                   Type           Power        Failure   Level
 Magic Dart               Conj           ####         1%          1
 Passwall                 Tmut/Erth      #####...     1%          2
 Dazzling Flash           Conj/Hex       ####..       1%          3
 Summon Small Mammal      Summ           #...         3%          1
 Call Imp                 Summ           #.......     4%          2
 Fulminant Prism          Conj/Hex       ####......   4%          4
 Call Canine Familiar     Summ           #.......     10%         3
 Confusing Touch          Hex            #.......     10%         3
 Gell's Gravitas          Tloc           #.........   10%         3
 Summon Guardian Golem    Hex/Summ       #.......     10%         3
 Yara's Violent Unravell  Hex/Tmut       ###.......   26%         5
 Summon Ice Beast         Ice/Summ       #.......     30%         4
 Summon Lightning Spire   Summ/Air       #.......     30%         4
 Metabolic Englaciation   Hex/Ice        #.........   61%         5


Dungeon Overview and Level Annotations

Branches:
Dungeon (12/15)            Temple (0/1) D:6            Lair (0/6) D:10
    Orc (1/2) D:12          Sewer (visited)

Altars:
Ashenzari
Fedhas
Makhleb
Sif Muna
Uskayaw
Xom
Zin
The Shining One

Shops:
D:10 *   D:12 *

Annotations:
D:3 3 runed translucent doors, drasked's ghost, amateur HaHu
D:10 2 runed translucent doors


Innate Abilities, Weirdness & Mutations

You are resistant to torment.
Your stone body is resilient. (AC +8)
You are immune to poison.
You resist negative energy. (rN+)
You are resistant to electric shocks. (rElec)
You can survive without breathing.
You are immune to petrification.
You are immune to rotting.


Message History

You kill the orc wizard!
Sif Muna accepts your kill.
The orc warrior hits you from afar with a +0 glaive.
An orc wizard comes into view. It is wielding a +0 dagger.
A stone giant comes into view.
Casting: Stone Arrow (safe; 1% risk of failure)
Confirm with . or Enter, or press ? or * to list all spells.
Aiming: Stone Arrow (safe; 1% risk of failure)
Press: ? - help, Shift-Dir - straight line, f - orc warrior
Aim: an orc warrior, wielding a +0 glaive and wearing a +0 chain mail The stone arrow hits the orc warrior!
The orc warrior is moderately wounded.
An orc comes into view. It is wielding a +0 club.
The orc warrior hits you from afar with a +0 glaive!
The stone giant throws a large rock.
The large rock hits you!!
The orc wizard gestures at you while chanting.
The puff of flame hits you but does no damage.
The stone giant throws a large rock.
The large rock hits you!!!
Ouch! That really hurt!
You die...

#### C ##
.#.#
..##.##
...
....... ..
....... o#
#...#.###
#o)@)..#
#........#
#...o##.##
....$o# #
#......##
....o.#
....o#
$...#


You could see a stone giant, an orc sorcerer, 2 orc warriors, an orc wizard and
2 orcs.

Vanquished Creatures
  A hydra (D:12)
  Erica (D:8)
  2 two-headed ogres
  Pikel (D:4)
  An ugly thing (D:12)
  A centaur zombie (D:11)
  Psyche (D:8)
  A hornet (D:11)
  2 trolls
  A meliai zombie (D:12)
  4 hippogriffs
  4 wyverns
  12 yaks
  3 wraiths
  Grum (D:8)
  Menkaure (D:5)
  2 soldier ants
  A porcupine (D:10)
  Duvessa (D:7)
  4 orc warriors
  2 ice beasts
  2 black bears
  2 necrophages (D:8)
  2 phantoms
  3 sky beasts
  6 ogres
  3 wolves
  A crocodile (D:10)
  2 big kobolds
  4 bullfrogs
  A wyvern zombie (D:12)
  A water moccasin zombie (D:7)
  5 scorpions
  Dowan (D:7)
  3 killer bees (D:10)
  3 wights (D:6)
  A howler monkey (D:6)
  7 hounds
  11 orc wizards
  4 orc priests
  A bullfrog skeleton (D:4)
  A centaur skeleton (D:6)
  2 jellies
  Jessica (D:3)
  3 iguanas
  Natasha (thrice) (D:3)
  8 worker ants
  A mummy (D:6)
  A hound skeleton (D:4)
  A worker ant zombie (D:10)
  Robin (D:3)
  6 adders
  7 gnolls
  A river rat (D:3)
  2 shadow imps
  4 white imps
  2 adder skeletons
  An adder zombie (D:5)
  4 worms
  A dart slug (D:1)
  8 leopard geckos
  32 orcs
  5 giant cockroaches
  20 goblins
  14 hobgoblins
  20 jackals
  10 quokkas
  3 ball pythons
  10 bats
  13 frilled lizards
  2 goblin skeletons (D:4)
  A goblin zombie (D:4)
  A jackal skeleton (D:8)
  16 kobolds
  A kobold skeleton (D:4)
  A kobold zombie (D:6)
  An orc skeleton (D:4)
  4 orc zombies
  23 rats
345 creatures vanquished.

Vanquished Creatures (others)
  17 fungi (D:10)
  7 plants (D:10)
  3 toadstools (D:10)
27 creatures vanquished.

Grand Total: 372 creatures vanquished

Notes
Turn   | Place    | Note
-------+----------+-------------------------------------------
     0 | D:1      | DogServant the Gargoyle Earth Elementalist began the quest
                  | for the Orb.
     0 | D:1      | Reached XP level 1. HP: 10/10 MP: 3/3
   436 | D:1      | Reached XP level 2. HP: 15/15 MP: 1/5
   495 | D:1      | Reached skill level 4 in Earth Magic
   733 | D:1      | Reached XP level 3. HP: 19/19 MP: 2/7
  1533 | D:2      | Learned a level 3 spell: Stone Arrow
  1663 | D:2      | Reached XP level 4. HP: 24/24 MP: 8/8
  2189 | D:3      | Noticed Jessica
  2197 | D:3      | Killed Jessica
  2211 | D:3      | Reached skill level 1 in Shields
  2232 | D:3      | Reached skill level 1 in Fighting
  2232 | D:3      | Reached skill level 1 in Conjurations
  2232 | D:3      | Reached skill level 5 in Earth Magic
  2232 | D:3      | Reached XP level 5. HP: 29/29 MP: 0/9
  2377 | D:3      | Noticed Natasha
  2387 | D:3      | Killed Natasha
  2534 | D:3      | Found a glowing drain.
  2538 | Sewer    | Entered a sewer
  2785 | Sewer    | Reached XP level 6. HP: 34/34 MP: 11/11
  3275 | D:3      | Noticed Natasha
  3293 | D:3      | Killed Natasha
  3455 | D:3      | Found a runed translucent gate.
  3456 | D:3      | Found a runed translucent gate.
  3457 | D:3      | Found a runed translucent gate.
  3459 | D:3      | Noticed drasked's ghost (amateur HaHu)
  3550 | D:3      | Noticed Natasha
  3555 | D:3      | Killed Natasha
  3795 | D:4      | Noticed Robin
  3801 | D:3      | Killed Robin
  4102 | D:4      | Noticed a phantom
  4112 | D:4      | Killed a phantom
  4112 | D:4      | Reached skill level 6 in Earth Magic
  4112 | D:4      | Reached XP level 7. HP: 36/39 MP: 4/13
  4830 | D:4      | Noticed Pikel
  4857 | D:4      | Killed Pikel
  4857 | D:4      | Reached XP level 8. HP: 15/46 MP: 0/15
  5080 | D:4      | Found a glowing golden altar of the Shining One.
  5210 | D:4      | Found a blossoming altar of Fedhas.
  5553 | D:5      | Entered Level 5 of the Dungeon
  5609 | D:5      | Found a hide-covered altar of Uskayaw.
  5722 | D:5      | Found a shimmering altar of Xom.
  5858 | D:5      | Reached skill level 7 in Earth Magic
  5912 | D:5      | Noticed Menkaure
  5913 | D:5      | Found a shimmering blue altar of Sif Muna.
  5917 | D:5      | Killed Menkaure
  5917 | D:5      | Reached skill level 5 in Spellcasting
  5989 | D:5      | Became a worshipper of Sif Muna the Loreminder
  6186 | D:5      | Found a burning altar of Makhleb.
  6453 | D:6      | Reached skill level 1 in Invocations
  6634 | D:6      | Reached skill level 5 in Conjurations
  6900 | D:6      | Reached XP level 9. HP: 47/52 MP: 1/17
  7084 | D:6      | Found a staircase to the Ecumenical Temple.
  7195 | D:6      | Reached * piety under Sif Muna
  7562 | D:6      | Learned a level 2 spell: Searing Ray
  7567 | D:6      | Learned a level 4 spell: Petrify
  7573 | D:6      | Learned a level 5 spell: Lee's Rapid Deconstruction
  8149 | D:7      | Noticed Dowan
  8150 | D:7      | Found a shattered altar of Ashenzari.
  8164 | D:7      | Killed Dowan
  8164 | D:7      | Reached skill level 1 in Transmutations
  8187 | D:7      | Noticed Duvessa
  8194 | D:7      | Killed Duvessa
  8545 | D:7      | Reached skill level 8 in Earth Magic
  8825 | D:8      | Reached skill level 5 in Fighting
  8856 | D:8      | Learned a level 4 spell: Iskenderun's Mystic Blast
  8905 | D:8      | Noticed Psyche
  8916 | D:8      | Killed Psyche
  9163 | D:8      | Noticed Grum
  9164 | D:8      | Noticed Erica
  9179 | D:8      | Killed Grum
  9183 | D:8      | Reached ** piety under Sif Muna
  9183 | D:8      | Reached XP level 10. HP: 53/60 MP: 0/19
  9515 | D:8      | Killed Erica
  9515 | D:8      | Reached skill level 9 in Earth Magic
 10290 | D:9      | Reached skill level 5 in Invocations
 10508 | D:9      | Found a glowing silver altar of Zin.
 10508 | D:9      | Noticed an angel
 11248 | D:10     | Entered Level 10 of the Dungeon
 11430 | D:10     | Found a runed translucent door.
 11431 | D:10     | Found a runed translucent door.
 11498 | D:10     | Reached *** piety under Sif Muna
 11728 | D:10     | Found Jogepos's General Store.
 11809 | D:10     | Reached XP level 11. HP: 65/66 MP: 19/21
 11991 | D:10     | Noticed a two-headed ogre
 12006 | D:10     | Killed a two-headed ogre
 12294 | D:10     | Found a staircase to the Lair.
 12822 | D:11     | Noticed a death knight
 12835 | D:12     | Found Guogicor's General Store.
 12942 | D:12     | Reached skill level 10 in Earth Magic
 13054 | D:12     | Noticed a six-headed hydra
 13065 | D:12     | Killed a six-headed hydra
 13932 | D:11     | Noticed a two-headed ogre
 13939 | D:11     | Killed a two-headed ogre
 13939 | D:11     | Reached skill level 5 in Transmutations
 14301 | D:11     | Reached **** piety under Sif Muna
 14459 | D:11     | Noticed a cyclops
 14465 | D:11     | Noticed a skeletal warrior
 14696 | D:12     | Found a staircase to the Orcish Mines.
 14862 | D:12     | Reached XP level 12. HP: 58/72 MP: 1/24
 15883 | Orc:1    | Entered Level 1 of the Orcish Mines
 15886 | Orc:1    | Noticed a stone giant
 15888 | Orc:1    | Hit by a large rock thrown by a stone giant

Illustrated notes

Levels and vault maps discovered:
D:1:      elethiomel_arrival_diamonds, layout_basic
D:2:      layout_rooms
D:3:      layout_loops_cross, gup_sewer_entry_bowl, gammafunk_ghost_necromancy,
          grunt_decor_arrowhead, uniq_jessica, uniq_natasha
D:4:      layout_basic, nicolae_tso_besieged_by_evil, fedhas_altar_2,
          minmay_manual_macuahuitl, uniq_pikel, uniq_crazy_yiuf_cottage,
          uniq_robin
D:5:      layout_rooms, kennysheep_mini_moat,
          chequers_temple_overflow_statue_of_worship, led_sif_book,
          uniq_menkaure
D:6:      layout_basic, minmay_temple_entry_sparse_star, minmay_mini_ossuary
D:7:      layout_cave_pools, basic_altar, uniq_duvessa
D:8:      layout_rooms, grunt_ministairs_9, uniq_erica, uniq_psyche, uniq_grum
D:9:      layout_roguey, zin_angel
D:10:     lemuel_insect_pit, layout_irregular_city,
          grunt_lair_entry_orc_guard_hut, serial_shops,
          nicolae_shop_statue_plus, kennysheep_cross_room,
          minmay_gold_behind_fungi
D:11:     layout_layer_cave
D:12:     layout_irregular_city, david_orc_2, serial_shops, nicolae_shop_trees
Orc:1:    layout_caves, mines2_lemuel

Skill      XL: |  1  2  3  4  5  6  7  8  9 10 11 12 |
---------------+-------------------------------------+-----
Earth Magic    | 4 5 6 7 8 9 10 | 10.8
Spellcasting   | 3 4 5 6 7 8 |  8.2
Shields        | 1 3 4 |  4.0
Fighting       | 1 3 4 5 6 7 |  7.3
Conjurations   | 1 2 3 4 5 6 7 8 9 |  9.1
Invocations    | 1 4 5 6 7 |  7.0
Transmutations | 2 4 5 |  5.4
Stealth        | 3 |  3.7
Dodging        | |  1.5

Action                   |  1- 3 |  4- 6 |  7- 9 | 10-12 || total
-------------------------+-------+-------+-------+-------++-------
Melee: Unarmed           |    19 |       |       |       ||    19
       Dagger            |    40 |   153 |   122 |    37 ||   352
 Cast: Sandblast         |    34 |    64 |   108 |   124 ||   330
       Stone Arrow       |       |     2 |    55 |   170 ||   227
       Searing Ray       |       |       |       |     5 ||     5
       Iskenderun's Myst |       |       |       |     4 ||     4
       Petrify           |       |       |       |     4 ||     4
  Use: Scroll            |       |     4 |       |    23 ||    27
       Potion            |       |       |       |     1 ||     1
 Stab: Sleeping          |     2 |     6 |     1 |       ||     9
Armor: Robe              |    23 |    98 |    69 |    70 ||   260
Dodge: Dodged            |    35 |   123 |    97 |   102 ||   357
Block: Buckler           |     2 |    13 |    36 |    66 ||   117

Table legend: (Time is in decaauts)
 A = Elapsed time spent in this place.
 B = Non-inter-level travel time spent in this place.
 C = Inter-level travel time spent in this place.
 D = Time resting spent in this place.
 E = Time spent auto-exploring this place.
 F = Levels seen in this place.
 G = Mean time per level.
                   A        B        C        D        E       F      G
               +--------+--------+--------+--------+--------+-----+--------+
         Total |  15948 |  15602 |    346 |   2798 |  10267 |  14 | 1139.1 |
       Dungeon |  15430 |  15084 |    346 |   2798 |   9958 |  12 | 1285.8 |
  Orcish Mines |      4 |      4 |      0 |      0 |      0 |   1 |    4.0 |
         Sewer |    513 |    513 |      0 |      0 |    308 |   1 |  513.0 |
               +--------+--------+--------+--------+--------+-----+--------+

Top non-repeatable levels by time:
    D:12: 2097 daAuts
     D:6: 1700 daAuts
    D:10: 1560 daAuts
     D:4: 1554 daAuts
     D:1: 1503 daAuts
     D:3: 1344 daAuts
     D:9: 1267 daAuts
     D:8: 1172 daAuts
    D:11: 978 daAuts
     D:7: 813 daAuts
     D:5: 752 daAuts
     D:2: 685 daAuts
   Sewer: 513 daAuts
   Orc:1: 4 daAuts
